AoeStats
← Fame

Yucatan

510297966Analyzed
2v2 RM · 2d ago on Sep 30, 2026· 55m 32s· 4 players
Game mode
Random Map
Map size
Medium (4 player)
Population
200
Speed
Normal
Resources
Standard
Victory
Conquest
Starting age
Dark Age
Ending age
Imperial Age
RankedLock teamsTeams togetherTeam positionsShared explorationLock speedFull tech treeHidden civsTurbo modeCheats
Victory
Defeat
🇬🇧 Khitans · United Kingdom
1196
+16
🇬🇧 Berbers · United Kingdom
1130
+19
🇹🇷 Persians · Türkiye
1199
-18
🇹🇷 Mongols · Türkiye
1185
-17
Laurie
6:47 Loom
9:31 Feudal Age
10:33 Double-Bit Axe
13:20 Forging
23:07 Domestication
27:29 Castle Age
25:47 Scale Barding Armor
26:03 Gold Mining
27:32 Stone Mining
28:39 Fletching
28:50 Scale Mail Armor
29:20 Bow Saw
30:11 Bodkin Arrow
36:57 Chain Mail Armor
41:00 Wheelbarrow
40:13 Town Watch
41:23 Stone Shaft Mining
40:54 Pastoralism
42:12 Husbandry
46:42 Imperial Age
46:08 Iron Casting
45:54 Chain Barding Armor
47:09 Heavy Camel Rider
49:27 Plate Barding Armor
49:35 Hand Cart
49:53 Transhumance
49:50 Conscription
49:37 Lamellar Armor
49:38 Ordo Cavalry
50:07 Bracer
52:46 Elite Steppe Lancer
54:05 Masonry
54:16 Ballistics
54:56 Chemistry
53:37 Treadmill Crane
zakkaroo
9:14 Loom
11:37 Feudal Age
13:14 Double-Bit Axe
15:50 Castle Age
17:58 Bow Saw
18:24 Horse Collar
19:47 Heavy Plow
23:25 Coinage
27:08 Wheelbarrow
27:09 Stone Mining
27:16 Gold Mining
28:45 Stone Shaft Mining
28:24 Bloodlines
28:14 Husbandry
28:11 Fletching
28:22 Padded Archer Armor
30:08 Bodkin Arrow
30:35 Hand Cart
32:23 Scale Barding Armor
32:47 Ballistics
32:57 Town Watch
34:36 Treadmill Crane
35:49 Leather Archer Armor
36:08 Light Cavalry
37:33 Gold Shaft Mining
37:35 Chain Barding Armor
41:04 Imperial Age
39:01 Kasbah
41:33 Thumb Ring
43:17 Siege Engineers
43:23 Masonry
42:36 Hussar
43:41 Maghrebi Camels
43:05 Elite Camel Archer
44:37 Conscription
45:37 Chemistry
44:45 Bracer
45:33 Ring Archer Armor
51:27 Hoardings
taaaaazzyy
10:45 Feudal Age
10:36 Loom
12:35 Double-Bit Axe
17:36 Forging
18:59 Scale Mail Armor
24:21 Castle Age
22:22 Horse Collar
23:07 Gold Mining
25:57 Bloodlines
26:48 Wheelbarrow
28:24 Husbandry
32:02 Fletching
32:42 Murder Holes
32:58 Masonry
34:25 Scale Barding Armor
34:16 Bodkin Arrow
37:18 Chain Barding Armor
38:13 Iron Casting
38:01 Hand Cart
43:30 Imperial Age
41:49 Gold Shaft Mining
42:08 Elite Skirmisher
43:55 Ballistics
43:48 Padded Archer Armor
45:38 Cavalier
46:58 Leather Archer Armor
46:56 Thumb Ring
48:06 Chemistry
48:19 Architecture
49:19 Chain Mail Armor
50:04 Blast Furnace
49:35 Ring Archer Armor
49:08 Squires
48:29 Pikeman
49:59 Conscription
49:51 Citadels
50:02 Gambesons
50:04 Arson
50:51 Plate Mail Armor
50:05 Halberdier
53:21 Elite War Elephant
Fame
7:33 Loom
9:47 Feudal Age
12:56 Bloodlines
16:54 Loom
19:34 Forging
22:06 Castle Age
21:05 Double-Bit Axe
23:49 Bow Saw
23:50 Husbandry
23:45 Fletching
23:56 Padded Archer Armor
31:34 Wheelbarrow
31:35 Horse Collar
34:16 Ballistics
35:30 Gold Mining
35:37 Stone Mining
36:12 Hand Cart
38:11 Bodkin Arrow
38:31 Leather Archer Armor
42:15 Imperial Age
40:24 Scale Barding Armor
42:57 Thumb Ring
43:19 Conscription
42:22 Elite Mangudai
42:44 Capped Ram
42:54 Elite Skirmisher
45:05 Bracer
45:34 Drill
47:57 Chemistry
51:15 Siege Ram
Connection lost

Rejoining the realm…

Still unreachable

The connection could not be restored.

Session expired

The server has moved on; the page needs a fresh start.